 Dungeon Crawl Stone Soup version 0.21.1-1-g345015fe64 (webtiles) character file.

183 Ivernyr the Charmwright (level 5, 0/38 HPs)
             Began as a Human Skald on June 7, 2018.
             Killed from afar by an orc wizard (7 damage)
             ... with a magic dart
             ... on level 4 of the Dungeon on June 8, 2018.
             The game lasted 00:13:23 (3623 turns).

Ivernyr the Charmwright (Human Skald)               Turns: 3623, Time: 00:13:23

Health: 0/38       AC:  6    Str: 11    XL:     5   Next: 94%
Magic:  5/8        EV: 11    Int: 14    God:
Gold:   106        SH:  0    Dex: 13    Spells: 3/8 levels left

rFire    . . .     SeeInvis .   a - +0 falchion
rCold    . . .     Gourm    .   (no shield)
rNeg     . . .     Faith    .   b - +0 ring mail
rPois    .         Spirit   .   k - +1 hat
rElec    .         Reflect  .   (no cloak)
rCorr    .         Harm     .   (no gloves)
MR       .....                  (no boots)
Stlth    +.........             (no amulet)
HPRegen  0.12/turn              (no ring)
MPRegen  0.11/turn              (no ring)

@: no status effects
A: no striking features
a: no special abilities


You were on level 4 of the Dungeon.
You were hungry.

You visited 1 branch of the dungeon, and saw 4 of its levels.

You collected 106 gold pieces.

Inventory:

Hand Weapons
 a - a +0 falchion (weapon)
Armour
 b - a +0 ring mail (worn)
 k - a +1 hat (worn)
Wands
 o - a wand of iceblast (9)
Scrolls
 e - 3 scrolls of magic mapping {unknown}
 f - 4 scrolls of fear {unknown}
 g - 2 scrolls of teleportation {unknown}
 h - 2 scrolls of remove curse {unknown}
 i - 5 scrolls of identify {unknown}
 n - 2 scrolls of fog {unknown}
Potions
 j - a potion of curing {unknown}
 l - a potion of lignification {unknown}
 m - a potion of ambrosia {unknown}
 p - 2 potions of haste {unknown}
 r - a potion of might {unknown}
Books
 c - a book of Battle

   Spells                             Type                      Level
   a - Infusion                       Charms                       1
   b - Shroud of Golubria             Charms/Translocation         2
   c - Song of Slaying                Charms                       2
   d - Spectral Weapon                Hexes/Charms                 3
   e - Regeneration                   Charms/Necromancy            3
Comestibles
 d - 7 rations
 q - a chunk of flesh


   Skills:
 - Level 2.0 Fighting
 - Level 2.0 Long Blades
 * Level 3.1 Throwing
 + Level 2.4 Armour
 - Level 2.0 Dodging
 - Level 2.0 Spellcasting
 * Level 4.4 Charms


You had 3 spell levels left.
You knew the following spells:

 Your Spells              Type           Power        Failure   Level  Hunger
a - Shroud of Golubria    Chrm/Tloc      #.........   34%         2    ###....
b - Song of Slaying       Chrm           ##......     14%         2    ###....
c - Infusion              Chrm           ##..         9%          1    ##.....


Dungeon Overview and Level Annotations

Branches:
Dungeon (4/15)
 Temple: D:4-7

Altars:
Cheibriados
Gozag
Nemelex Xobeh
Sif Muna


Message History

You closely miss the orc wizard.
The orc wizard is severely wounded.
Your song has ended.
The orc wizard misses you.
You riposte.
You closely miss the orc wizard.
The orc wizard is severely wounded.
The orc wizard barely misses you.
You completely miss the orc wizard.
The orc wizard is severely wounded.
The orc wizard looks braver for a moment.
The orc wizard hits you with a dagger.
* * * LOW HITPOINT WARNING * * *
You hit the orc wizard.
The orc wizard is almost dead.
The orc wizard hits you but does no damage.
The phantom blinks!
The orc wizard barely misses you.
You closely miss the orc wizard.
The orc wizard is almost dead.
The orc wizard casts a spell at you. The magic dart hits you!
You die...

########
#...@oo#########
#.####o.W......#
#.# #.........#
### #.#
#o........# #<#
#.# #o........#
#.# #######.#
#.........# #.#
#.......#
#.........# #.#
#.#######
#.........# #.#
#.# #.........#


You could see a phantom, an orc wizard and 2 orcs.

Vanquished Creatures
  An orc priest (D:3)
  A worker ant (D:3)
  5 adders
  An ooze (D:4)
  A worm (D:2)
  3 dart slugs
  3 leopard geckos (D:3)
  3 orcs
  7 giant cockroaches
  3 hobgoblins
  9 jackals
  2 quokkas
  9 bats
  4 frilled lizards
  4 goblins
  7 kobolds
  3 rats
66 creatures vanquished.

Notes
Turn   | Place    | Note
-------+----------+-------------------------------------------
     0 | D:1      | Ivernyr the Human Skald began the quest for the Orb.
     0 | D:1      | Reached XP level 1. HP: 16/16 MP: 3/3
    86 | D:1      | Reached XP level 2. HP: 11/22 MP: 5/5
   237 | D:1      | Learned a level 2 spell: Song of Slaying
   240 | D:1      | Learned a level 2 spell: Shroud of Golubria
   296 | D:1      | Reached skill level 1 in Throwing
   468 | D:1      | Reached XP level 3. HP: 14/27 MP: 6/6
  1333 | D:2      | Reached XP level 4. HP: 12/33 MP: 2/7
  1873 | D:2      | Found a deep blue altar of Sif Muna.
  2421 | D:3      | Found an opulent altar of Gozag.
  2526 | D:3      | Reached skill level 4 in Charms
  2526 | D:3      | Reached XP level 5. HP: 27/38 MP: 6/8
  3086 | D:3      | Found a sparkling altar of Nemelex Xobeh.
  3461 | D:3      | Found a snail-covered altar of Cheibriados.
  3583 | D:4      | Noticed a phantom
  3623 | D:4      | Killed from afar by an orc wizard

Skill      XL: |  1  2  3  4  5 |
---------------+----------------+-----
Throwing       | 1 2 3 |  3.1
Armour         | 2 |  2.4
Charms         | 4 |  4.4
Fighting       | |  2.0
Long Blades    | |  2.0
Dodging        | |  2.0
Spellcasting   | |  2.0

Action                   |  1- 3 |  4- 6 || total
-------------------------+-------+-------++-------
Melee: Falchion          |   108 |   171 ||   279
 Cast: Shroud of Golubri |     2 |    10 ||    12
       Song of Slaying   |       |     2 ||     2
 Stab: Sleeping          |       |     1 ||     1
  Eat: Chunk             |     2 |     8 ||    10
Armor: Leather armour    |    46 |    15 ||    61
       Ring mail         |       |    48 ||    48
Dodge: Dodged            |    85 |   153 ||   238
       Rpst.: Falchion   |    26 |    59 ||    85
